 Dungeon Sprint DCSS version 0.22.1-1-ga44c0e56f4 (webtiles) character file.

259 MuseOD the Covert (level 5, -2/30 HPs)
             Began as a Spriggan Enchanter on Sept 23, 2018.
             Slain by a neqoxec (7 damage)
             ... in the Dungeon (Sprint II: "The Violet Keep of Menkaure").
             The game lasted 00:00:40 (68 turns).

MuseOD the Covert (Spriggan Enchanter)                Turns: 68, Time: 00:00:41

Health: -2/30      AC:  2    Str:  2    XL:     5   Next: 94%
Magic:  10/10      EV: 18    Int: 17    God:
Gold:   0          SH:  0    Dex: 17    Spells: 8/9 levels left

rFire    . . .     SeeInvis +   a - +1 dagger
rCold    . . .     Gourm    .   (shield restricted)
rNeg     . . .     Faith    .   b - +0 robe
rPois    .         Spirit   .   (helmet restricted)
rElec    .         Reflect  .   (no cloak)
rCorr    .         Harm     .   (gloves unavailable)
MR       .....     NoTele   +   (boots unavailable)
Stlth    +++++.....             (no amulet)
HPRegen  0.10/turn              (no ring)
MPRegen  0.12/turn              (no ring)

@: berserk cooldown, hasted, very quick
A: very small, unfitting armour, see invisible, herbivore, speed 3, slow
metabolism 2, weak 1
a: no special abilities


You were in the Dungeon.
You were not hungry.

You visited 1 branch

Inventory:

Hand Weapons
 a - a +1 dagger (weapon)
Armour
 b - a +0 robe (worn)
Scrolls
 j - a scroll of blinking
Potions
 e - a potion of curing
 h - 2 potions of magic
Comestibles
 d - a ration


   Skills:
 + Level 4.9 Fighting
 * Level 9.5 Short Blades
 - Level 3.0 Dodging
 + Level 10.4 Stealth
 - Level 2.6 Spellcasting
 - Level 3.6 Hexes


You had 8 spell levels left.
You knew the following spells:

 Your Spells              Type           Power        Failure   Level  Hunger
a - Corona                Hex            ##.....      4%          1    #......

Your spell library contained the following spells:

 Spells                   Type           Power        Failure   Level  Hunger
 Confuse                  Hex            ##......     12%         3    ###....
 Tukima's Dance           Hex            ##......     12%         3    ###....
 Ensorcelled Hibernation  Hex/Ice        #.....       13%         2    ##.....
 Dazzling Spray           Conj/Hex       #.....       26%         3    ###....


Dungeon Overview and Level Annotations

Branches:
Dungeon (1/1)

Altars:


Innate Abilities, Weirdness & Mutations

You are very small and have problems with some larger weapons.
You are too small for most types of armour.
You have supernaturally acute eyesight. (SInv)
You are a herbivore.
You cover ground extremely quickly.
You need to consume almost no food.
You are weak. (Str -2)


Message History

You hit the neqoxec but do no damage.
The neqoxec is moderately wounded.
You hit the neqoxec.
The neqoxec is moderately wounded.
The neqoxec gestures at you.
Something tries to feed on your intellect!
You hit the neqoxec but do no damage.
The neqoxec is moderately wounded.
The neqoxec hits you.
* * * LOW HITPOINT WARNING * * *
You hit the neqoxec.
The neqoxec is moderately wounded.
You hit the neqoxec but do no damage.
The neqoxec is moderately wounded.
You barely miss the neqoxec.
The neqoxec is moderately wounded.
The neqoxec gestures at you.
Something tries to feed on your intellect!
The neqoxec hits you!
You die...

# #+# .#
##.##5#
+.<@33#
##.##55#
#+# 5# #


You could see 2 neqoxecs, an iron imp, a crimson imp, a white imp and a shadow
imp.

Vanquished Creatures
  2 neqoxecs (D)
2 creatures vanquished.

Vanquished Creatures (others)
  A crocodile (D)
1 creature vanquished.

Grand Total: 3 creatures vanquished

Notes
Turn   | Place    | Note
-------+----------+-------------------------------------------
     0 | D        | MuseOD the Spriggan Enchanter began the quest for the Orb.
     0 | D        | Reached XP level 1. HP: 9/9 MP: 5/5
     1 | D        | Noticed a neqoxec
     1 | D        | Noticed a neqoxec
     1 | D        | Noticed a neqoxec
     1 | D        | Noticed a neqoxec
     2 | D        | Noticed an iron imp
     2 | D        | Noticed a crimson imp
     9 | D        | Killed a neqoxec
     9 | D        | Reached skill level 8 in Stealth
     9 | D        | Reached XP level 2. HP: 17/17 MP: 6/6
     9 | D        | Reached XP level 3. HP: 21/21 MP: 8/8
     9 | D        | Reached XP level 4. HP: 25/25 MP: 9/9
    19 | D        | Killed a neqoxec
    19 | D        | Reached skill level 10 in Stealth
    19 | D        | Reached XP level 5. HP: 30/30 MP: 10/10
    51 | D        | Killed a crocodile
    55 | D        | Gained mutation: You are weak. (Str -2) [a neqoxec]
    68 | D        | Slain by a neqoxec

Skill      XL: |  1  2  3  4 |
---------------+-------------+-----
Fighting       | 3 4 |  4.9
Short Blades   | 7 9 |  9.5
Stealth        | 8 10 | 10.4
Dodging        | |  3.0
Spellcasting   | |  2.6
Hexes          | |  3.6

Action                   |  1- 3 |  4- 6 || total
-------------------------+-------+-------++-------
Melee: Dagger            |     7 |    55 ||    62
  Use: Potion            |     1 |     2 ||     3
Dodge: Dodged            |     1 |    21 ||    22
